 Dungeon Crawl Stone Soup version 0.32-a0-462-ga46d8fb (webtiles) character file.

Game seed: 10243712870484624295

3 jagoly the Vexing (level 1, -6/15 HPs)
             Began as a Mummy Hexslinger on Feb 24, 2024.
             Mangled by a gnoll
             ... wielding a +0 flail
              (7 damage)
             ... on level 1 of the Dungeon.
             The game lasted 00:00:51 (167 turns).

jagoly the Vexing (Mummy Hexslinger)                 Turns: 167, Time: 00:00:52

Health: -6/15      AC:  2    Str: 11    XL:     1   Next: 41%
Magic:  3/3        EV: 12    Int: 12    God:
Gold:   0          SH:  0    Dex: 14    Spells: 3/3 levels left

rFire   x . .        a - +1 sling
rCold   + . .        (no shield)
rNeg    + + +        c - +0 robe
rPois   ∞            (no helmet)
rElec   .            (no cloak)
rCorr   .            (no gloves)
SInv    .            (no boots)
Will    .....        (no amulet)
Stlth   +            (no ring)
HPRegen 0.22/turn    (no ring)
MPRegen 0.08/turn

%: faith
@: no status effects
A: cold resistance 1, negative energy resistance 3, torment resistance 2, heat
vulnerability 1, in touch with death 1, no potions, faith
a: no special abilities


You were on level 1 of the Dungeon.
You visited 1 branch of the dungeon, and saw 1 of its levels.

Inventory:

Hand Weapons
 a - a +1 sling (weapon)
Armour
 c - a +0 robe (worn)
Scrolls
 b - a scroll of poison


   Skills:
 - Level 1.0 Fighting
 * Level 1.7 Ranged Weapons
 - Level 1.5 Dodging
 + Level 1.5 Spellcasting
 + Level 2.7 Hexes
 - Level 0.7 Fire Magic


You had 3 spell levels left.
You didn't know any spells.
Your spell library contained the following spells:

 Spells                   Type           Power      Damage    Failure   Level
 Jinxbite                 Hex            14%        N/A       14%         2
 Sigil of Binding         Hex            7%         N/A       28%         3
 Inner Flame              Hex/Fire       5%         N/A       38%         3
 Cause Fear               Hex            3%         N/A       67%         4
 Dimensional Bullseye     Hex/Tloc       2%         N/A       85%         4


Dungeon Overview and Level Annotations

Branches:
Dungeon (1/15) Zot: 5825

Altars:


Innate Abilities, Weirdness & Mutations

You are immune to poison.
Your flesh is cold resistant. (rC+)
You are immune to negative energy. (rN+++)
You are immune to unholy pain and torment.
You are vulnerable to heat. (rF-)
You are in touch with the powers of death.
You do not drink.
You have a special connection with the divine. (Faith)


Message History

Welcome, jagoly the Mummy Hexslinger.
If you return without finding the Orb of Zot, so far below, it's all over!
Press ? for a list of commands and other information.
Found a staircase leading out of the dungeon.
You open the large door.
There is a large open door here.
You open the large door.
There is a large open door here.
You open the large door.
There is a large open door here.
A bat comes into view.
You shoot a sling bullet. The sling bullet hits the bat.
The bat is heavily wounded.
You shoot a sling bullet.
The sling bullet closely misses the bat.
The bat closely misses you.
You shoot a sling bullet. The sling bullet barely misses the bat.
The bat closely misses you. The bat hits you but does no damage.
You shoot a sling bullet. The sling bullet hits the bat.
You kill the bat!
No target in view!
You see here a bat corpse.
A rat comes into view.
The rat squeaks loudly.
You shoot a sling bullet. The sling bullet barely misses the rat.
You shoot a sling bullet.
The sling bullet closely misses the rat.
You shoot a sling bullet.
The sling bullet closely misses the rat.
The rat closely misses you.
You shoot a sling bullet. The sling bullet barely misses the rat.
The rat barely misses you.
You shoot a sling bullet. The sling bullet barely misses the rat.
You hear a shout!
A goblin comes into view. It is wielding a +0 club.
The rat bites you.
You shoot a sling bullet. The sling bullet hits the rat.
The rat is severely wounded.
The rat closely misses you. The rat bites you.
You shoot a sling bullet. The sling bullet hits the rat.
You kill the rat!
You shoot a sling bullet. The sling bullet hits the goblin.
You kill the goblin!
Magic restored.
HP restored.
Things that are here:
a +0 club; a rat corpse As you open the door, it creaks loudly!
Found a stone staircase leading down.
There is an open door here.
You open the door.
There is an open door here.
Found a faded altar of an unknown god.
Found an escape hatch in the floor.
There is a faded altar of an unknown god here.
This altar belongs to (a) Gozag, (b) Uskayaw or (c) Trog, but you can't tell which.
Press the corresponding letter to learn more about a god, or press enter to convert or escape to cancel.
Okay, then.
A kobold comes into view. It is wielding a +0 short sword.
Found 16 gold pieces.
The kobold shouts!
A gnoll comes into view. It is wielding a +0 flail.
A gnoll is nearby!
A gnoll is nearby!
The gnoll shouts!
You don't know any spells.
Sorry, you're not good enough to have a special ability.
Okay, then.
You shoot a sling bullet. The sling bullet hits the gnoll.
The gnoll is moderately wounded.
You shoot a sling bullet.
The sling bullet closely misses the gnoll.
You shoot a sling bullet.
The sling bullet barely misses the gnoll.
The sling bullet hits the kobold.
The kobold is moderately wounded.
You shoot a sling bullet. The sling bullet hits the gnoll.
The gnoll is heavily wounded.
The gnoll closely misses you.
You shoot a sling bullet. The sling bullet hits the gnoll.
The gnoll is heavily wounded.
The gnoll misses you. The gnoll closely misses you.
You shoot a sling bullet. The sling bullet hits the gnoll.
The gnoll is heavily wounded.
The gnoll hits you with a +0 flail.
You shoot a sling bullet.
The sling bullet closely misses the gnoll.
The sling bullet barely misses the kobold.
The gnoll hits you with a +0 flail!
Ouch! That really hurt!
* * * LOW HITPOINT WARNING * * *
Fire: a) +1 sling
Press: ? - help, Q - select action Shift-Dir - straight line, f/p - gnoll
Aim: a gnoll, wielding a +0 flail (heavily wounded, 60% to hit)
You shoot a sling bullet.
The sling bullet barely misses the gnoll.
The sling bullet misses the kobold.
The gnoll hits you with a +0 flail!
You die...

#.##.....##
#.†....# ##...##
#.###### ###'######
#.# #........# #.#
#.#.####.# #.#
#.#....#.# #.#
#..#...#K# #.#
#..#...#g# #.#
#..#...#@# #.#
..##g..#####.###
..##..K..##.....##
####...>...#####..#
##### #...###...##
##.### #.... #g..#
##...## #...###§≈≈.
....# ##...#
###.'.'.≈§. ##..
#......# #.'.'.§§.
#. ....$######
#####.≈§.


You could see a gnoll and a kobold.

Vanquished Creatures
  A bat (D:1)
  A goblin (D:1)
  A rat (D:1)
3 creatures vanquished.

Notes
Turn   | Place    | Note
-------+----------+-------------------------------------------
     0 | D:1      | jagoly the Mummy Hexslinger began the quest for the Orb.
     0 | D:1      | Reached XP level 1. HP: 15/15 MP: 2/2
   128 | D:1      | Found a faded altar of an unknown god.
   167 | D:1      | Mangled by a gnoll

Illustrated notes

Levels and vault maps discovered:
D:1:      lightli_arrival_lavapool, layout_loops_corners,
          hellmonk_ecumenical_altar_crossroads, minmay_domino_2

Action                     || total
---------------------------++-------
   Fire: Sling             ||    20
 Armour: Robe              ||     6
  Dodge: Dodged            ||     8

Table legend: (Time is in decaauts)
 A = Elapsed time spent in this place.
 B = Non-inter-level travel time spent in this place.
 C = Inter-level travel time spent in this place.
 D = Time resting spent in this place.
 E = Time spent auto-exploring this place.
 F = Levels seen in this place.
 G = Mean time per level.
                   A        B        C        D        E       F      G
               +--------+--------+--------+--------+--------+-----+--------+
         Total |    172 |    172 |      0 |      0 |    117 |   1 |  172.0 |
       Dungeon |    172 |    172 |      0 |      0 |    117 |   1 |  172.0 |
               +--------+--------+--------+--------+--------+-----+--------+

Top non-repeatable levels by time:
     D:1: 172 daAuts
